 Dungeon Crawl Stone Soup version 0.31.0-4-g52a2dc7128 (console) character file.

Game seed: 12005917801543343001

4007 AlterAsc the Grappler (level 10, -5/66 HPs)
             Began as an Octopode Shapeshifter on Jan 24, 2024.
             Was an Elder of Okawaru.
             Slain by a hornet (14 damage)
             ... while paralysed by a hornet
             ... on level 9 of the Dungeon.
             The game lasted 00:28:18 (8895 turns).

AlterAsc the Grappler (Octopode Shapeshifter)       Turns: 8895, Time: 00:28:19

Health: -5/66      AC:  5    Str: 18    XL:     10   Next: 23%
Magic:  9/11       EV:  2    Int: 12    God:    Okawaru [****..]
Gold:   301        SH:  0    Dex: 18    Spells: 9/9 levels left

rFire   . .          .
                       - Unarmed
rCold   . . .        (no shield)
rNeg    . . .        (helmet currently unavailable)
rPois   .            (no amulet)
rElec   .            e - ring of willpower
rCorr   +            o - +4 ring of protection
SInv    .            v - ring of resist corrosion
Will    +....        a - +6 ring of dexterity
Stlth   ++++         (no ring)
HPRegen 0.31/turn    (no ring)
MPRegen 0.12/turn    (no ring)
                     (no ring)

%: no passive effects
@: paralysed, lethally poisoned (-5 -> -15), beast-form, heroic, slowed
A: beast (slay +3), almost no armour, amphibious, 8 rings, camouflage 1,
gelatinous body 1, (nimble swimmer 1), tentacles
a: Begin Untransformation, Renounce Religion, Heroism, Finesse


You were on level 9 of the Dungeon.
You worshipped Okawaru.
Okawaru was greatly pleased with you.
You were a hulking beast.
You visited 2 branches of the dungeon, and saw 10 of its levels.
You also visited: Sewer.

You collected 421 gold pieces.
You spent 120 gold pieces at shops.

Inventory:

Missiles
 f - 18 stones (quivered)
 A - 20 poisoned darts
 C - a curare-tipped dart
 I - 3 javelins
Jewellery
 a - a +6 ring of dexterity (on tentacle)
 e - a ring of willpower (left tentacle)
 o - a +4 ring of protection (right tentacle)
 v - a ring of resist corrosion (on tentacle)
 y - a ring of fire
 H - the ring of Pankom {Wiz *Slow Fly Str+3 SInv}
   (You found it on level 8 of the Dungeon)

   [ring of wizardry]

   Wiz:       It improves your spell success rate.
   Str+3:     It affects your strength (+3).
   SInv:      It lets you see invisible.
   Fly:       It grants you flight.
   *Slow:     It may slow you when you take damage.
Talismans
 b - a beast talisman
 c - a flux talisman
 J - a blade talisman
Wands
 j - a wand of light (11)
 m - a wand of mindburst (23)
 s - a wand of flame (21)
 z - a wand of iceblast (12)
Scrolls
 d - 3 scrolls of fog
 i - a scroll of teleportation
 k - 2 scrolls of vulnerability
 p - 5 scrolls of blinking
 t - a scroll of butterflies {unknown}
 u - a scroll of fear {unknown}
 w - 3 scrolls of poison {unknown}
 F - 2 scrolls of amnesia {unknown}
 G - a scroll of enchant weapon {unknown}
Potions
 g - 2 potions of enlightenment {unknown}
 h - 3 potions of haste
 l - 3 potions of resistance
 n - a potion of might {unknown}
 q - 4 potions of heal wounds {unknown}
 r - 4 potions of curing
 x - a potion of berserk rage {unknown}
 B - 2 potions of brilliance {unknown}
 D - 2 potions of invisibility {unknown}
 E - 3 potions of mutation {unknown}


   Skills:
 - Level 5.5(10.5) Fighting
 - Level 5.8(10.8) Dodging
 - Level 11.1(16.1) Unarmed Combat
 - Level 1.3 Invocations
 + Level 6.0 Shapeshifting


You had 9 spell levels left.
You didn't know any spells.
Your spell library contained the following spells:

 Spells                   Type           Power      Damage    Failure   Level
 Freeze                   Ice            0%         1d3       32%         1
 Magic Dart               Conj           0%         1d3       32%         1
 Lesser Beckoning         Tloc           0%         N/A       45%         2
 Searing Ray              Conj           0%         2d4       45%         2
 Frozen Ramparts          Ice            0%         1d1       69%         3
 Gell's Gravitas          Tloc           0%         N/A       69%         3
 Hailstorm                Conj/Ice       0%         3d5       69%         3
 Teleport Other           Tloc           0%         N/A       69%         3
 Fulminant Prism          Conj/Alch      0%         3d5       97%         4
 Eringya's Noxious Bog    Alch           0%         4d6       100%        6
 Orb of Destruction       Conj           0%         9d5       100%        7
 Summon Blazeheart Golem  Fire/Summ      Unusable   N/A       N/A         4
 Summon Forest            Summ/Tloc      Unusable   N/A       N/A         5
 Spellforged Servitor     Conj/Summ      Unusable   N/A       N/A         7
 Summon Hydra             Summ           Unusable   N/A       N/A         7

Dungeon Overview and Level Annotations

Branches:
Dungeon (9/15)             Temple (1/1) D:4           Sewer (visited)
   Lair: D:8-11         Orc: D:9-12

Altars:
Ashenzari
Cheibriados
Dithmenos
Elyvilon
Fedhas
Gozag
Hepliaklqana
Kikubaaqudgha
Makhleb
Nemelex Xobeh
Okawaru
Qazlal
Ru
Sif Muna
Trog
Uskayaw
Vehumet
Wu Jian
Xom
Zin
The Shining One

Shops:
D:5 *

Annotations:
D:7 3 runed translucent doors, 4 exclusions, Deca's ghost, novice DrSh
D:8 3 exclusions
D:9 exclusion: hornet


Innate Abilities, Weirdness & Mutations

You are a hulking beast.
Your limbs bulge with bestial killing power. (Slay +3)
You cannot wear most types of armour.
You are amphibious.
You can wear up to eight rings at the same time.
Your skin changes colour to match your surroundings (Stealth+).
Your rubbery body absorbs attacks. (AC +1, EV +1)
((You are camouflaged when in or above water. (Stealth+)))
You have tentacles for arms and can constrict up to eight enemies at once.


Message History

Found a stone staircase leading up.
A - 20 poisoned darts (gained 2)
You hear the faint creaking of a very distant portcullis.
There is an open door here.
A centaur comes into view.
An ice beast and a hornet come into view.
The centaur wields a +0 orcbow.
The centaur shoots an arrow.
The arrow completely misses you.
The hornet buzzes angrily.
The centaur unwields a +0 orcbow.
The centaur completely misses you. The centaur misses you.
You tentacle-slap the centaur. Your squeeze misses the centaur.
The centaur is lightly wounded.
The centaur misses you. x2
A rime drake comes into view.
The centaur hits you but does no damage.
The centaur kicks you but does no damage.
The centaur wields a +0 orcbow.
The centaur shoots an arrow.
The arrow hits you!
The centaur shoots an arrow.
The arrow closely misses you.
The centaur shoots an arrow.
The arrow hits you!
You tentacle-slap the hornet. Your grab misses the hornet.
The hornet is lightly wounded.
The hornet stings you!
You are poisoned.
You feel yourself slow down.
You feel better.
The hornet stings you but does no damage.
The hornet stings you!
You feel as though you will be slow longer.
You gain the combat prowess of a mighty hero.
The hornet stings you but does no damage. x2
You tentacle-slap the hornet. You grab the hornet.
The hornet is lightly wounded.
You constrict the hornet, but do no damage.
The hornet stings you!
You suddenly lose the ability to move!
You lose your grip on the hornet.
The hornet stings you!
* * * LOW HITPOINT WARNING * * *
You are lethally poisoned!
You feel as though you will be slow longer.
* * * LOW HITPOINT WARNING * * *
You feel very sick. The hornet stings you!
You die...

.#........ ........ ..#...#
##..... #.....# ..#.#....#
.......Yc# #######
#.#....#.# #....<#
......##.# #.##### .....#
#Y#### #.# ..... #cyh.#
###.#### .... ..####.#
#......# ###. #.# #.#
#.#.#.## #.##.# #.# #.#.#.#
##.##.# #.#######.#.#.#
####..##.# #......##.#.#.#
.........#########.##.#.#.#
#...............##.#...#
#...............'..#####
########...............####
.........))#############


You could see a hornet, an ice beast and a centaur.

Vanquished Creatures
  A shadow (D:7)
  A wyvern (D:5)
  A steam dragon (D:8)
  2 vampire mosquitoes (D:7)
  2 water moccasins (D:7)
  An ice beast (D:7)
  2 sky beasts (D:7)
  3 black bears
  An ogre (D:7)
  5 centaurs
  3 phantoms (D:5)
  2 kobold brigands (Sewer)
  A necrophage (Sewer)
  2 bullfrogs (D:8)
  A scorpion (D:5)
  9 wights
  2 howler monkeys (D:7)
  2 bombardier beetles
  2 hounds
  An orc priest (D:8)
  A jelly (D:8)
  Ijyb (D:5)
  7 iguanas
  2 sleepcaps
  6 orc wizards
  Robin (D:3)
  6 gnolls
  8 adders
  4 shadow imps
  3 white imps
  4 ufetubi
  An adder zombie (Sewer)
  3 dart slugs
  A ribbon worm (D:6)
  22 orcs
  5 ball pythons
  10 bats
  7 endoplasms
  3 giant cockroaches
  13 goblins
  6 hobgoblins
  17 kobolds
  2 quokkas
  2 frilled lizards (D:1)
  A kobold zombie (Sewer)
  9 rats
189 creatures vanquished.

Notes
Turn   | Place    | Note
-------+----------+-------------------------------------------
     0 | D:1      | AlterAsc the Octopode Shapeshifter began the quest for the
                  | Orb.
     0 | D:1      | Reached XP level 1. HP: 13/13 MP: 1/1
   200 | D:1      | Reached XP level 2. HP: 16/18 MP: 2/2
   659 | D:2      | Reached skill level 4 in Unarmed Combat
   659 | D:2      | Reached XP level 3. HP: 19/23 MP: 3/3
  1171 | D:2      | Found an opulent altar of Gozag.
  1740 | D:3      | Reached XP level 4. HP: 28/28 MP: 4/4
  2066 | D:3      | Noticed Robin
  2106 | D:3      | Reached skill level 5 in Unarmed Combat
  2166 | D:3      | Killed Robin
  2394 | D:4      | Found a staircase to the Ecumenical Temple.
  2511 | Temple   | Entered the Ecumenical Temple
  2518 | Temple   | Became a worshipper of Warmaster Okawaru
  2598 | D:4      | Reached XP level 5. HP: 33/33 MP: 5/5
  2690 | D:4      | Found a snail-covered altar of Cheibriados.
  2756 | D:4      | Reached skill level 6 in Unarmed Combat
  3056 | D:5      | Entered Level 5 of the Dungeon
  3064 | D:5      | Reached XP level 6. HP: 38/38 MP: 6/6
  3199 | D:5      | Reached skill level 7 in Unarmed Combat
  3221 | D:5      | Reached * piety under Okawaru
  3244 | D:5      | Noticed a wyvern
  3258 | D:5      | Killed a wyvern
  3259 | D:5      | Reached skill level 8 in Unarmed Combat
  3259 | D:5      | Reached XP level 7. HP: 43/43 MP: 7/7
  3272 | D:5      | Reached skill level 1 in Invocations
  3295 | D:5      | Found Jaocwug's Assorted Antiques.
  3298 | D:5      | Bought an encrusted brass ring for 120 gold pieces
  3380 | D:5      | Reached ** piety under Okawaru
  3539 | D:5      | Reached skill level 9 in Unarmed Combat
  3588 | D:5      | Noticed Ijyb
  3662 | D:5      | Reached XP level 8. HP: 36/48 MP: 8/8
  3931 | D:5      | Noticed an angel
  3932 | D:5      | Found a glowing silver altar of Zin.
  4539 | D:6      | Reached skill level 10 in Unarmed Combat
  4625 | D:6      | Found a white marble altar of Elyvilon.
  4628 | D:6      | Found a burning altar of Makhleb.
  4923 | D:6      | Found a glowing drain.
  4942 | D:6      | Reached *** piety under Okawaru
  5001 | Sewer    | Entered a sewer
  5166 | Sewer    | Found an ancient bone altar of Kikubaaqudgha.
  5384 | Sewer    | Reached skill level 11 in Unarmed Combat
  5505 | D:6      | Reached XP level 9. HP: 45/54 MP: 9/9
  5648 | D:6      | Identified the +0 robe "Zomeihif" {-Tele Harm rPois rN+}
  6633 | D:7      | Found a runed translucent gate.
  6633 | D:7      | Found a runed translucent gate.
  6633 | D:7      | Found a runed translucent gate.
  6636 | D:7      | Noticed Deca's ghost (novice DrSh)
  7131 | D:7      | Reached **** piety under Okawaru
  7141 | D:7      | Noticed a troll
  7181 | D:7      | Reached skill level 5 in Shapeshifting
  7326 | D:7      | Reached skill level 5 in Dodging
  7373 | D:7      | Reached skill level 5 in Fighting
  7373 | D:7      | Reached XP level 10. HP: 60/66 MP: 10/10
  7917 | D:8      | Identified the +0 robe of the Okapi {Int+4 Dex+3}
  8072 | D:8      | Identified the ring of Pankom {Wiz *Slow Fly Str+3 SInv}
  8333 | D:8      | Found a hide-covered altar of Uskayaw.
  8342 | D:8      | Found a shadowy altar of Dithmenos.
  8557 | D:5      | Killed Ijyb
  8894 | D:9      | Paralysed by a hornet for 2 turns
  8895 | D:9      | Slain by a hornet

Illustrated notes

Levels and vault maps discovered:
D:1:      scummos_arrival_star, layout_loops_ring
D:2:      layout_loops_ring, basic_altar, columned_hall_lemuel, st_stairs_14,
          grunt_ministairs_14
D:3:      layout_basic, uniq_robin
D:4:      layout_rooms, lemuel_tele_altar, minmay_temple_entry_large_hall
D:5:      layout_basic, zin_angel, serial_shops, kennysheep_mini, minivault_24,
          uniq_ijyb
D:6:      layout_basic, amethyst_overflow_temple_binary,
          cheibrodos_sewer_entry_sluice
D:7:      minmay_the_grid_triangle_9x9_rhombus_thin
          [minmay_the_grid_triangle_9x9_checkered,
          minmay_the_grid_triangle_9x9_prize_center,
          minmay_the_grid_triangle_9x9_pentomino_pain,
          minmay_the_grid_triangle_9x9_impossible_snake], layout_loops_ring,
          gammafunk_ghost_necromancy
D:8:      layout_basic, mainiacjoe_overflow_swirl, nicolae_figureground_sparkle
D:9:      layout_basic, amcnicky_altar_gilded, hellmonk_lair_entry_icy,
          enter_bailey_1
Temple:   nicolae_temple_no_exploring_needed

Skill      XL: |  1  2  3  4  5  6  7  8  9 10 |
---------------+-------------------------------+-----
Unarmed Combat | 4 5 6 8 9 11 | 11.1
Invocations    | 1 |  1.3
Fighting       | 2 5 |  5.5
Dodging        | 5 |  5.8
Shapeshifting  | 5 6 |  6.0

Action                     |  1- 3 |  4- 6 |  7- 9 | 10-12 || total
---------------------------+-------+-------+-------+-------++-------
  Melee: Unarmed           |    61 |    90 |   202 |    53 ||   406
         Tentacles         |    14 |    15 |    58 |    12 ||    99
         Constrict         |    15 |    18 |    48 |    13 ||    94
         Punch             |       |     6 |    16 |     4 ||    26
  Throw: Stone             |       |    20 |    53 |     7 ||    80
 Invoke: Heroism           |       |       |     2 |     1 ||     3
    Use: Potion            |       |     1 |       |     1 ||     2
         Scroll            |       |       |     7 |       ||     7
   Stab: Sleeping          |    11 |     5 |     4 |     3 ||    23
         Distracted        |     1 |     1 |       |       ||     2
 Armour: Skin              |    23 |    55 |    85 |    28 ||   191
  Dodge: Dodged            |    25 |    47 |   131 |    39 ||   242
